 Dungeon Crawl Stone Soup version 0.30-a0-782-ge64f9170bb (webtiles) character file.

Game seed: 15146134515798035446

153684 BRD the Marksfrog (level 17, -5/133 HPs)
             Began as a Barachi Reaver on Feb 18, 2023.
             Was a High Priest of Cheibriados.
             Collided with a stone wall (10 damage)
             ... caused by a merfolk aquamancer
             ... on level 4 of the Shoals on Feb 20, 2023.
             The game lasted 02:46:18 (51495 turns).

BRD the Marksfrog (Barachi Reaver)                 Turns: 51495, Time: 02:46:19

Health: -5/133     AC: 25    Str: 28    XL:     17   Next: 61%
Magic:  38/41      EV: 18    Int: 34    God:    Cheibriados [*****.]
Gold:   1535       SH:  0    Dex: 23    Spells: 20/36 levels left

rFire   + . .      SeeInvis .    G - +6 double sword (elec)
rCold   + + .      Faith    .    (no shield)
rNeg    + . .      Spirit   .    f - +3 pearl dragon scales
rPois   .          Reflect  .    e - +3 hat of Pondering {ponderous, Will+ MP+10 Int+5}
rElec   .          Harm     .    l - scarf {rC+ rF+}
rCorr   .          Rampage  .    t - +0 pair of gloves
Will    +++..      Rage     3%   j - +2 pair of boots {Fly} Stlth
                                 (no amulet)
HPRegen 0.42/turn                u - ring of Xom's Best Wishes {rC+ Str+3}
MPRegen 0.27/turn                x - ring of willpower

@: confused, ambrosia-drunk, flying, studying Evocations, very slow
A: amphibious, slowness 1, strong legs 2, +LOS, berserk 1, clumsy 1, mutation
resistance 1
a: Hop, Renounce Religion, Bend Time, Temporal Distortion, Slouch, Step From
Time


You were on level 4 of the Shoals.
You worshipped Cheibriados.
Cheibriados was extremely pleased with you.
You visited 6 branches of the dungeon, and saw 28 of its levels.

You collected 2410 gold pieces.
You spent 875 gold pieces at shops.

Inventory:

Hand Weapons
 b - a +3 triple crossbow
 p - the +1 dagger of Miogope {heavy, rPois rC- Int+8}
   (You took it off a centaur on level 10 of the Dungeon)

   Int:       It affects your intelligence (+8).
   rC:        It makes you vulnerable to cold.
   rPois:     It protects you from poison.
 E - a +2 scimitar of holy wrath
 G - a +6 double sword of electrocution (weapon)
Missiles
 d - 6 boomerangs of dispersal
 h - 29 poisoned darts (quivered)
 n - 4 throwing nets
 A - 8 silver javelins
 D - 15 javelins
 H - 6 curare-tipped darts
 J - 5 atropa-tipped darts
Armour
 e - the +3 hat of Pondering (worn) {ponderous, Will+ MP+10 Int+5}
   (You took it off Gastronok on level 11 of the Dungeon)

   Int:       It affects your intelligence (+5).
   MP:        It affects your magic capacity (+10).
   Will:      It increases your willpower.
 f - +3 pearl dragon scales (worn)
 j - a +2 pair of boots of flying (worn)
 l - a scarf of resistance (worn)
 t - a +0 pair of gloves (worn)
Jewellery
 u - the ring of Xom's Best Wishes (left hand) {rC+ Str+3}
   (You found it on level 5 of the Dungeon)

   [ring of protection from cold]

   Str:       It affects your strength (+3).
   rC:        It protects you from cold.
 x - a ring of willpower (right hand)
Wands
 a - a wand of polymorph (4)
 c - a wand of flame (34)
 w - a wand of mindburst (20)
 B - a wand of iceblast (6)
 F - a wand of paralysis (16)
 I - a wand of digging (3)
 M - a wand of quicksilver (2)
Scrolls
 g - 2 scrolls of silence
 i - 5 scrolls of magic mapping
 m - 3 scrolls of amnesia
 y - 2 scrolls of butterflies
 P - a scroll of fog
Potions
 k - 4 potions of ambrosia
 o - 4 potions of mutation
 r - 2 potions of berserk rage
 s - 2 potions of cancellation
 v - 7 potions of flight
 z - 2 potions of magic
 C - 2 potions of lignification
 K - 3 potions of brilliance
 O - a potion of might
Miscellaneous
 N - a phantom mirror (inert)


   Skills:
 - Level 12.0 Fighting
 - Level 16.0 Long Blades
 - Level 17.0 Ranged Weapons
 - Level 2.0 Throwing
 - Level 10.0 Armour
 - Level 10.0 Dodging
 - Level 10.0 Spellcasting
 - Level 3.2 Conjurations
 - Level 3.0 Hexes
 - Level 3.0 Translocations
 + Level 3.2 Transmutations
 + Level 3.1 Fire Magic
 + Level 7.9 Poison Magic
 - Level 10.0 Invocations
 - Level 5.0 Evocations


You had 20 spell levels left.
You knew the following spells:

 Your Spells              Type           Power      Damage    Failure   Level
a - Kiss of Death         Conj/Necr      100%       2d13      3%          1
b - Frozen Ramparts       Ice            34%        1d6       17%         3
c - Portal Projectile     Hex/Tloc       74%        N/A       4%          3
d - Poisonous Vapours     Pois/Air       86%        N/A       1%          2
e - Olgreb's Toxic Radia  Pois           63%        N/A       2%          4
f - Ignite Poison         Fire/Tmut/Pois 49%        N/A       2%          3

Your spell library contained the following spells:

 Spells                   Type           Power      Damage    Failure   Level
 Apportation              Tloc           74%        N/A       1%          1
 Magic Dart               Conj           100%       1d8       1%          1
 Momentum Strike          Conj/Tloc      76%        3d10      2%          2
 Scorch                   Fire           76%        2d9       2%          2
 Cigotuvi's Dreadful Rot  Necr/Pois/Air  68%        N/A       3%          2
 Mephitic Cloud           Conj/Pois/Air  42%        N/A       3%          3
 Ensorcelled Hibernation  Hex/Ice        54%        N/A       4%          2
 Passwall                 Tmut/Erth      23%        N/A       4%          2
 Dazzling Flash           Conj/Hex       76%        N/A       4%          3
 Gell's Gravitas          Tloc           37%        N/A       4%          3
 Teleport Other           Tloc           37%        N/A       4%          3
 Freeze                   Ice            68%        1d8       5%          1
 Necrotise                Necr           68%        1d7       5%          1
 Summon Small Mammal      Summ           68%        N/A       5%          1
 Call Imp                 Summ           17%        N/A       9%          2
 Hailstorm                Conj/Ice       28%        3d8       9%          3
 Flame Wave               Conj/Fire      38%        2d10      16%         4
 Iskenderun's Mystic Bla  Conj/Tloc      38%        2d9       16%         4
 Passage of Golubria      Tloc           37%        N/A       16%         4
 Sticky Flame             Conj/Fire      38%        2d6       16%         4
 Call Canine Familiar     Summ           17%        N/A       17%         3
 Swiftness                Air            17%        N/A       17%         3
 Leda's Liquefaction      Hex/Erth       13%        N/A       30%         4
 Silence                  Hex/Air        13%        N/A       63%         5
 Starburst                Conj/Fire      19%        6d7       93%         6
 Dispersal                Tloc           18%        N/A       94%         6
 Summon Cactus Giant      Summ           8%         N/A       100%        6
 Ozocubu's Refrigeration  Ice            8%         4d9       100%        7
 Ignition                 Fire           19%        3d7       100%        8
 Lehudib's Crystal Spear  Conj/Erth      14%        10d5      100%        8


Dungeon Overview and Level Annotations

Branches:
Dungeon (15/15)            Temple (1/1) D:6            Lair (5/5) D:11
 Shoals (4/4) Lair:2       Spider (1/4) Lair:3        Slime (0/5) Lair:4
    Orc (2/2) D:10            Elf (0/3) Orc:2        Vaults (0/5) D:13
 Depths (0/4) D:15

Altars:
Ashenzari
Cheibriados
Dithmenos
Elyvilon
Fedhas
Gozag
Hepliaklqana
Kikubaaqudgha
Makhleb
Nemelex Xobeh
Okawaru
Qazlal
Ru
Sif Muna
Trog
Uskayaw
Vehumet
Wu Jian
Xom
Yredelemnul
Zin
The Shining One

Shops:
D:1 *   D:8 (   D:14 *   Orc:2 ?:*([

Annotations:
D:3 1 runed translucent door, Crazy Yiuf
Lair:4 Kirke
Shoals:3 Mlioglotl


Innate Abilities, Weirdness & Mutations

You are amphibious.
You cover ground slowly.
You can hop long distances.
You have an extended range of vision and can be seen from far away.
You sometimes lose your temper in combat.
You are clumsy. (Dex -2)
You are somewhat resistant to further mutation.


Message History

Okay, then.
As you read the scroll of fog, it crumbles to dust.
The scroll dissolves into smoke.
Your toxic aura wanes.
Okay, then.
You hear the crackle of electricity.
G - a +6 double sword of electrocution (weapon)
You slice the merfolk aquamancer!!
The merfolk aquamancer is severely wounded.
The merfolk aquamancer hits you but does no damage.
You closely miss the merfolk aquamancer.
The merfolk aquamancer is severely wounded.
You slash the merfolk aquamancer!
The merfolk aquamancer is almost dead.
The merfolk aquamancer hits you with a +1 rapier of protection.
* * * LOW HITPOINT WARNING * * *
The manticore completely misses you. The manticore barely misses you.
The manticore claws you.
* * * LOW HITPOINT WARNING * * *
You are confused.
You feel invigorated.
The merfolk aquamancer hits you with a +1 rapier of protection!
* * * LOW HITPOINT WARNING * * *
A manticore comes into view.
The manticore bites you but does no damage.
The manticore claws you but does no damage. x2
You bump into the stone wall.
The merfolk aquamancer points at you and mumbles some strange words.
The shard of ice misses you. The manticore closely misses you.
The manticore claws you but does no damage.
The manticore barely misses you.
You're too confused to move!
The merfolk aquamancer hits you but does no damage.
The merfolk aquamancer looks more healthy.
The merfolk aquamancer casts a spell at you.
The torrent of water hits you!!
* * * LOW HITPOINT WARNING * * *
You are knocked back by the torrent of water.
You slam into the stone wall!
You die...

#...
#..#
#..#
#~)#
#)~#
#§§#
#§§#
#H§#
#@m#
#§H#
#§§#
#..H
#...
#..#.
#..#.
#..#.#
#..# #


You could see a merfolk aquamancer and 2 manticores.

Vanquished Creatures
  Jorgrun (Shoals:1)
  Gastronok (D:11)
  Agnes (D:15)
  An emperor scorpion (Spider:1)
  An orc warlord (Orc:1)
  Nessos (D:13)
  2 spark wasps (Spider:1)
  A dire elephant (D:15)
  An ettin (D:13)
  3 merfolk javelineers
  3 merfolk impalers
  Fannar (Lair:3)
  Josephine (D:11)
  A great orb of eyes (D:15)
  Harold (D:11)
  9 hydras
  An alligator snapping turtle (Shoals:3)
  An ogre mage (D:15)
  6 centaur warriors
  8 boulder beetles
  3 merfolk avatars (Shoals:2)
  5 merfolk aquamancers
  8 two-headed ogres
  A jorogumo (Spider:1)
  3 death yaks (Lair:5)
  5 tengu warriors
  2 thrashing horrors (Lair:5)
  Urug (D:13)
  3 skeletal warriors (D:14)
  2 pharaoh ants
  A swamp dragon (shapeshifter) (D:15)
  4 sea snakes
  8 skysharks
  A wizard (D:13)
  A necromancer (D:9)
  2 steelbarb worms (Spider:1)
  The ghost of 0netwelve the Cleaver, a novice HOMo of the Shining One (D:7)
  7 harpies (Shoals:1)
  9 wolf spiders
  16 manticores
  3 deep elf pyromancers
  An orc sorcerer (Orc:1)
  4 cyclopes
  6 ugly things (D:15)
  5 orc knights
  2 oklob plants
  A manticore (shapeshifter) (Lair:5)
  A moth of wrath (Spider:1)
  15 fauns
  6 elephants (Lair:4)
  6 black mambas
  A guardian serpent (shapeshifter) (D:13)
  10 merfolk sirens
  4 water nymphs
  4 torpor snails
  4 gargoyles
  2 demonic crawlers (Spider:1)
  12 cane toads
  A smoke demon (Lair:5)
  10 komodo dragons
  A freezing wraith (D:14)
  A rime drake (Lair:4)
  3 kobold demonologists (D:13)
  2 tengu conjurers (D:15)
  3 ancient zymes (Lair:5)
  18 merfolk
  3 meliai (D:11)
  7 trolls
  3 polar bears
  2 wind drakes
  11 tarantellas
  Grinder (D:4)
  2 hornets
  14 blink frogs (Lair:5)
  2 large abominations (Lair:5)
  4 snapping turtles
  13 dream sheep
  A jumping spider (Spider:1)
  Sigmund (D:3)
  27 slime creatures
  A spriggan (Lair:3)
  5 basilisks
  A shadow (D:6)
  3 culicivoras (Spider:1)
  43 yaks
  6 hogs (Lair:4)
  3 chaos spawn (Lair:5)
  4 wyverns (D:11)
  5 wraiths
  13 water elementals
  4 vampire mosquitoes (D:15)
  15 redbacks (Spider:1)
  A naga (shapeshifter) (D:14)
  4 steam dragons
  5 wargs
  An acid dragon (D:10)
  Duvessa (D:4)
  20 water moccasins
  2 ice beasts
  26 orc warriors
  A black bear (D:4)
  5 small abominations (Lair:5)
  12 centaurs
  9 ogres
  6 wolves (Lair:2)
  2 phantoms
  3 kobold brigands
  14 bullfrogs
  Blork the orc (D:5)
  2 gnoll sergeants
  6 scorpions
  8 wights
  Dowan (D:4)
  5 killer bees (D:9)
  6 electric eels
  4 howler monkeys
  2 quasits (D:7)
  3 jellies
  11 orc priests
  2 hounds (D:6)
  Jessica (D:2)
  7 iguanas
  Natasha (thrice) (D:3)
  32 orc wizards
  5 hell rats (Lair:5)
  4 polar bear simulacra (D:9)
  2 yak simulacra (D:9)
  2 wolf simulacra (D:9)
  Robin (D:2)
  17 gnolls
  12 adders
  A white imp (D:7)
  3 ufetubi
  A worm (D:3)
  5 dart slugs
  86 orcs
  4 ball pythons
  9 endoplasms
  6 giant cockroaches
  10 goblins
  10 hobgoblins
  4 jackals (D:5)
  14 kobolds
  3 quokkas
  7 bats
  4 frilled lizards
  4 rats
  3 river rat simulacra (D:9)
871 creatures vanquished.

Vanquished Creatures (others)
  An orc (Orc:2)
  55 fungi
  137 plants
193 creatures vanquished.

Grand Total: 1064 creatures vanquished

Notes
Turn   | Place    | Note
-------+----------+-------------------------------------------
     0 | D:1      | BRD the Barachi Reaver began the quest for the Orb.
     0 | D:1      | Reached XP level 1. HP: 17/17 MP: 3/3
   165 | D:1      | Reached XP level 2. HP: 23/23 MP: 5/5
   227 | D:1      | Reached skill level 1 in Armour
   420 | D:1      | Found a faded altar of an unknown god.
   686 | D:1      | Found Yhanoj's Assorted Antiques.
   877 | D:2      | Reached XP level 3. HP: 27/28 MP: 6/6
  1333 | D:2      | Reached XP level 4. HP: 15/35 MP: 7/7
  1705 | D:2      | Learned a level 3 spell: Frozen Ramparts
  1830 | D:2      | Noticed Jessica
  1836 | D:2      | Killed Jessica
  1943 | D:3      | Noticed Robin
  1987 | D:2      | Killed Robin
  2083 | D:3      | Reached XP level 5. HP: 41/42 MP: 8/8
  2438 | D:3      | Found a runed translucent door.
  2439 | D:3      | Noticed Crazy Yiuf
  2541 | D:3      | Noticed Natasha
  2563 | D:3      | HP: 1/42 [something (4)]
  2566 | D:3      | Gained mutation: You are clumsy. (Dex -2) [potion of
                  | mutation]
  2566 | D:3      | Gained mutation: You sometimes lose your temper in combat.
                  | [potion of mutation]
  2566 | D:3      | Gained mutation: You are somewhat resistant to further
                  | mutation. [potion of mutation]
  2570 | D:3      | Reached skill level 5 in Long Blades
  2868 | D:3      | Killed Natasha
  2906 | D:3      | Noticed Natasha
  2913 | D:3      | Killed Natasha
  2914 | D:3      | Reached XP level 6. HP: 35/49 MP: 9/9
  3005 | D:3      | Found a snail-covered altar of Cheibriados.
  3021 | D:3      | Became a worshipper of Cheibriados the Contemplative
  3074 | D:3      | Noticed Natasha
  3080 | D:3      | Killed Natasha
  3112 | D:3      | Noticed Sigmund
  3122 | D:3      | Killed Sigmund
  3123 | D:3      | Reached skill level 5 in Fighting
  3123 | D:3      | Reached XP level 7. HP: 56/56 MP: 10/10
  3954 | D:4      | Reached * piety under Cheibriados
  4040 | D:4      | Noticed Grinder
  4058 | D:4      | Killed Grinder
  4059 | D:4      | Reached skill level 5 in Armour
  4432 | D:4      | Reached XP level 8. HP: 50/64 MP: 11/11
  4719 | D:4      | Noticed Duvessa
  4719 | D:4      | Noticed Dowan
  4732 | D:4      | Killed Duvessa
  4743 | D:4      | Killed Dowan
  5715 | D:5      | Entered Level 5 of the Dungeon
  5835 | D:5      | Reached ** piety under Cheibriados
  5950 | D:5      | Found a sacrificial altar of Ru.
  5960 | D:5      | Reached skill level 5 in Dodging
  6099 | D:5      | Found a glowing golden altar of the Shining One.
  6225 | D:5      | Noticed Blork the orc
  6233 | D:5      | Killed Blork the orc
  6551 | D:5      | Identified the ring of Xom's Best Wishes {rC+ Str+3}
  7190 | D:6      | Reached skill level 1 in Throwing
  7236 | D:6      | Reached XP level 9. HP: 44/74 MP: 12/12
  7367 | D:6      | Reached *** piety under Cheibriados
  7961 | D:6      | Found a staircase to the Ecumenical Temple.
  8107 | Temple   | Entered the Ecumenical Temple
  8649 | D:6      | Noticed a two-headed ogre
  9039 | D:6      | Found the +27 heavy crossbow "Sniper" {heavy, Acc+∞ SInv}
  9229 | D:6      | Reached **** piety under Cheibriados
  9578 | D:7      | Reached skill level 10 in Long Blades
  9717 | D:7      | Found a shadowy altar of Dithmenos.
  9717 | D:7      | Found a bloodstained altar of Trog.
  9725 | D:7      | Reached XP level 10. HP: 83/83 MP: 13/13
  9805 | D:7      | Reached skill level 1 in Invocations
  9929 | D:7      | Found a transporter.
  9936 | D:7      | Noticed 0netwelve's ghost (novice HOMo)
  9968 | D:7      | Found a stormy altar of Qazlal.
 10077 | D:7      | Found a transporter.
 10258 | D:7      | Found a blossoming altar of Fedhas.
 10641 | D:8      | Found Teshry's Firing Range.
 10654 | D:8      | Bought a +0 triple crossbow for 130 gold pieces
 10705 | D:8      | Reached skill level 10 in Fighting
 11235 | D:8      | Paralysed by a hornet for 1 turns
 11241 | D:8      | Reached skill level 1 in Ranged Weapons
 11517 | D:9      | Noticed a two-headed ogre
 11529 | D:8      | Reached skill level 2 in Ranged Weapons
 11533 | D:8      | Reached ***** piety under Cheibriados
 11882 | D:9      | Noticed a necromancer
 11888 | D:9      | Killed a necromancer
 11889 | D:9      | Reached skill level 3 in Ranged Weapons
 12084 | D:9      | Killed a two-headed ogre
 12085 | D:9      | Reached XP level 11. HP: 78/91 MP: 14/14
 12142 | D:9      | Found an ancient bone altar of Kikubaaqudgha.
 12149 | D:9      | Found a shimmering blue altar of Sif Muna.
 12182 | D:9      | Found a radiant altar of Vehumet.
 12415 | D:9      | Reached skill level 4 in Ranged Weapons
 12933 | D:9      | Reached skill level 1 in Evocations
 13567 | D:10     | Entered Level 10 of the Dungeon
 13606 | D:10     | Noticed a two-headed ogre
 13731 | D:10     | Found a burning altar of Makhleb.
 13735 | D:10     | Noticed a balrug
 13791 | D:10     | Found a staircase to the Orcish Mines.
 13811 | D:10     | Identified the +1 dagger of Miogope {heavy, rPois rC-
                  | Int+8}
 14287 | D:10     | Killed a two-headed ogre
 14288 | D:10     | Reached skill level 10 in Armour
 14653 | D:11     | Noticed a two-headed ogre
 14663 | D:11     | Killed a two-headed ogre
 14664 | D:11     | Reached skill level 5 in Ranged Weapons
 14719 | D:11     | Noticed a boulder beetle
 14737 | D:11     | Killed a boulder beetle
 14840 | D:11     | Noticed a cyclops
 14846 | D:11     | Noticed Harold
 14854 | D:11     | Killed a cyclops
 14863 | D:11     | Killed Harold
 14864 | D:11     | Reached skill level 6 in Ranged Weapons
 15065 | D:11     | Noticed Josephine
 15151 | D:11     | Reached XP level 12. HP: 90/100 MP: 15/15
 15202 | D:11     | Reached skill level 7 in Ranged Weapons
 15234 | D:11     | Found a staircase to the Lair.
 15328 | Lair:1   | Entered Level 1 of the Lair of Beasts
 15333 | Lair:1   | Reached ****** piety under Cheibriados
 15585 | Lair:1   | Noticed a boulder beetle
 15604 | Lair:1   | Killed a boulder beetle
 16957 | Lair:2   | Reached skill level 8 in Ranged Weapons
 17458 | Lair:2   | Found a staircase to the Shoals.
 18204 | Lair:2   | Reached skill level 9 in Ranged Weapons
 18894 | Lair:3   | Gained mutation: You can hop long distances. [Barachi
                  | growth]
 18894 | Lair:3   | Reached XP level 13. HP: 107/108 MP: 16/16
 19306 | Lair:3   | Reached skill level 10 in Ranged Weapons
 20744 | Lair:3   | Found a hole to the Spider Nest.
 20887 | Lair:3   | Noticed Fannar
 20898 | Lair:3   | Killed Fannar
 21289 | Lair:4   | Reached skill level 11 in Ranged Weapons
 21651 | Lair:4   | Identified a scroll of acquirement
 21651 | Lair:4   | Acquired a manual of Evocations
 21936 | Lair:4   | Noticed Kirke
 22254 | Lair:4   | Reached skill level 10 in Dodging
 22402 | Lair:4   | Found a staircase to the Slime Pits.
 22479 | Lair:4   | Reached skill level 12 in Ranged Weapons
 22985 | Lair:5   | Entered Level 5 of the Lair of Beasts
 23047 | Lair:5   | Reached skill level 5 in Evocations
 23408 | Lair:5   | Reached XP level 14. HP: 77/115 MP: 17/17
 24598 | Lair:5   | Reached skill level 5 in Invocations
 24625 | Lair:5   | Reached skill level 13 in Ranged Weapons
 27134 | Lair:5   | Reached skill level 14 in Ranged Weapons
 31415 | D:11     | Killed Josephine
 31887 | D:11     | Noticed Gastronok
 31902 | D:11     | Killed Gastronok
 32293 | Orc:1    | Entered Level 1 of the Orcish Mines
 32859 | Orc:1    | You fall into a shaft and drop 1 floor!
 32859 | Orc:2    | Entered Level 2 of the Orcish Mines
 34127 | Orc:2    | Learned a level 3 spell: Portal Projectile
 34418 | Orc:2    | Noticed an orc warlord
 34741 | Orc:1    | Reached skill level 1 in Translocations
 34913 | Orc:1    | Reached skill level 1 in Hexes
 35162 | Orc:1    | Killed an orc warlord
 35163 | Orc:1    | Reached XP level 15. HP: 34/120 MP: 20/20
 35686 | Orc:2    | Found Hiyl's Antique Weapon Shop.
 35690 | Orc:2    | Found Tivir's Antique Armour Boutique.
 35812 | Orc:2    | Found Lionkug's Magic Scroll Shoppe.
 35903 | Orc:2    | Found Aliplea's Book Emporium.
 35929 | Orc:2    | Found Joiman's Assorted Antiques.
 35987 | Orc:2    | Found a staircase to the Elven Halls.
 36599 | Orc:2    | Bought a pair of runed boots for 217 gold pieces
 36684 | Orc:2    | Bought the Unrestrained Analects for 528 gold pieces
 37265 | D:11     | Reached skill level 15 in Ranged Weapons
 38450 | D:13     | Found a shadowy altar of Dithmenos.
 38486 | D:13     | Noticed Urug
 38486 | D:13     | Noticed Nessos
 38491 | D:13     | Killed Urug
 39612 | D:13     | Killed Nessos
 40064 | D:13     | Found a gate to the Vaults.
 41266 | D:14     | You are sucked into a shaft and drop 1 floor!
 41266 | D:15     | Entered Level 15 of the Dungeon
 41286 | D:15     | Reached skill level 5 in Spellcasting
 41336 | D:15     | HP: 5/120 [red ugly thing (9)]
 41826 | D:14     | Reached XP level 16. HP: 83/127 MP: 24/24
 41948 | D:14     | Found Ziohu's Island Escapes.
 41973 | D:14     | Reached skill level 15 in Long Blades
 43041 | D:15     | Noticed Agnes
 43055 | D:15     | Killed Agnes
 43056 | D:15     | Reached skill level 16 in Ranged Weapons
 43470 | D:15     | Found a staircase to the Depths.
 43943 | D:7      | Killed 0netwelve's ghost
 44164 | Spider:1 | Entered Level 1 of the Spider Nest
 44183 | Spider:1 | Reached skill level 10 in Invocations
 47350 | Shoals:1 | Entered Level 1 of the Shoals
 47551 | Shoals:1 | Learned a level 2 spell: Poisonous Vapours
 47749 | Lair:2   | Learned a level 4 spell: Olgreb's Toxic Radiance
 47753 | Lair:2   | Learned a level 3 spell: Ignite Poison
 48457 | Shoals:1 | Reached skill level 1 in Poison Magic
 48934 | Shoals:1 | Noticed Jorgrun
 48943 | Shoals:1 | Killed Jorgrun
 49028 | Shoals:1 | Reached XP level 17. HP: 114/133 MP: 29/29
 49498 | Shoals:1 | Reached skill level 17 in Ranged Weapons
 50048 | Shoals:2 | Reached skill level 5 in Poison Magic
 50718 | Shoals:2 | Reached skill level 1 in Transmutations
 50719 | Shoals:2 | Reached skill level 1 in Fire Magic
 51050 | Shoals:2 | Found a basalt altar of Yredelemnul.
 51279 | Shoals:2 | You are sucked into a shaft and drop 1 floor!
 51279 | Shoals:3 | Noticed Mlioglotl
 51291 | Shoals:3 | Noticed a tentacled starspawn
 51404 | Shoals:4 | Entered Level 4 of the Shoals
 51484 | Shoals:4 | Reached skill level 10 in Spellcasting
 51495 | Shoals:4 | HP: 5/133 [merfolk aquamancer/torrent of water (25)]
 51495 | Shoals:4 | Collided with a stone wall

Illustrated notes

Levels and vault maps discovered:
D:1:      sevenhm_arrival_forest_fort_large_2, layout_loops_ring, serial_shops,
          shop, ebering_ecumenical_altar_abandoned, corexii_hall_statues_l,
          minmay_misc_feat_nine_boxes
D:2:      layout_basic, uniq_jessica
D:3:      layout_loops_ring, slow_altar_2, uniq_sigmund, uniq_robin,
          uniq_natasha, uniq_crazy_yiuf_cottage
D:4:      layout_layer_cave, ebering_dispersal_statue_hall,
          kennysheep_windowed_goal, uniq_grinder, uniq_duvessa
D:5:      layout_layer_cave, nicolae_ru_sacrificial_ziggurat,
          nicolae_tso_swordbearing_angel, minmay_misc_feat_more_columns,
          uniq_blork_the_orc
D:6:      minmay_razor_zed, layout_cave_pools, minmay_temple_entry_junction_2,
          serial_co_window_serial, co_window_corner_a,
          co_window_of_opportunity_a, co_window_paths_a,
          co_window_of_opportunity_a, co_window_of_opportunity_a,
          co_window_corner_a, co_window_paths_a, co_window_paths_b,
          co_window_paths_b, co_window_corner_b, co_window_corner_cb,
          co_window_unsneaky_path_b, co_window_unsneaky_path_e,
          co_window_of_opportunity_b, co_window_paths_e, glass_columns_b,
          glass_columns_b, glass_columns_b, glass_columns_b
D:7:      layout_loops_cross, grunt_temple_overflow_forces_of_nature,
          jmf_multi_god_temple, gammafunk_ghost_stat_death
D:8:      layout_basic, nicolae_shop_firing_range
D:9:      layout_big_octagon, palyth_temple_overflow_mages,
          kennysheep_cluttered_room, eino_house_with_fridge
D:10:     layout_rooms, makhleb_altar_promises_db, orc_0_dummy,
          minmay_misc_feat_five
D:11:     layout_roguey, minmay_lair_entry_grove, st_stairs_4, uniq_josephine,
          uniq_gastronok, uniq_harold
D:12:     layout_loops_ring
D:13:     layout_basic, david_vaults_4, nicolae_dithmenos_the_darkroom,
          uniq_urug, uniq_nessos
D:14:     minmay_s_stair_smasher, layout_cave_pools, serial_park,
          serial_park_tiny_2, serial_park_tiny_1, nicolae_island_escapes
D:15:     hangedman_depths_entry_try_elsewhere_first, layout_cave_pools,
          uniq_agnes
Temple:   bh_familiar_temple
Lair:1:   layout_chaotic_city, dpeg_stationary_puzzle
Lair:2:   layout_chaotic_city, minmay_shoals_entry_hut
Lair:3:   layout_cave_shapes, spider_nest_entry_rubble, st_stairs_3,
          grunt_forest_large_clearing_hut, uniq_fannar
Lair:4:   layout_layer_cave, slime_entry_1, uniq_kirke
Lair:5:   hellmonk_lair_end_abyssal_woods, layout_small_grid,
          grunt_megastairs_3, serial_bayou_shore_a, infiniplex_staircase_pool
Shoals:1: layout_shoals, uniq_jorgrun
Shoals:2: layout_shoals, serial_shops, nicolae_shop_waterfront,
          lemuel_oklob_altar
Shoals:3: nicolae_shoals_lighthouse, layout_shoals,
          nicolae_shoals_square_sea_wall, uniq_mlioglotl
Shoals:4: shoals_end_hellmonk_storm_palace [storm_palace_center_square,
          storm_palace_corner_altar, storm_palace_corner_altar,
          storm_palace_corner_blocked, storm_palace_corner_altar], serial_shops,
          uniq_polyphemus, uniq_louise
Spider:1: layout_spider_delve, nicolae_spider_bug_shape
Orc:1:    layout_diamond_mine, basic_altar
Orc:2:    grunt_orc_community_town_hall, layout_caves,
          grunt_orc_community_big_house_2, grunt_orc_community_big_house_1,
          grunt_orc_community_house_1, grunt_orc_community_house_3,
          grunt_orc_community_house_2, grunt_orc_community_house_1,
          grunt_orc_community_house_3, serial_shops, shop,
          gauntlet_entry_generic

Skill      XL: |  1  2  3  4  5  6  7  8  9 10 11 12 13 14 15 16 17 |
---------------+----------------------------------------------------+-----
Armour         | 1 2 3 4 5 7 9 10 | 10.0
Long Blades    | 4 5 6 8 10 11 12 13 14 16 | 16.0
Fighting       | 3 4 5 6 7 9 10 11 12 | 12.0
Dodging        | 3 4 5 6 8 10 | 10.0
Throwing       | 1 2 |  2.0
Invocations    | 2 4 7 9 10 | 10.0
Ranged Weapons | 3 6 9 12 14 15 16 17 | 17.0
Evocations     | 2 5 |  5.0
Translocations | 1 3 |  3.0
Hexes          | 1 3 |  3.0
Spellcasting   | 5 8 10 | 10.0
Poison Magic   | 4 7 |  7.9
Transmutations | 3 |  3.2
Fire Magic     | 3 |  3.1
Conjurations   | |  3.2

Action                     |  1- 3 |  4- 6 |  7- 9 | 10-12 | 13-15 | 16-18 || total
---------------------------+-------+-------+-------+-------+-------+-------++-------
  Melee: Falchion          |    99 |   178 |   530 |       |       |       ||   807
         Punch             |       |       |     8 |     6 |    16 |     8 ||    38
         Long sword        |       |       |     9 |   493 |   718 |       ||  1220
         Dagger            |       |       |       |    27 |    52 |    66 ||   145
         Scimitar          |       |       |       |       |    21 |       ||    21
         Double sword      |       |       |       |       |   114 |   289 ||   403
   Fire: Triple crossbow   |       |       |       |   105 |   483 |   302 ||   890
  Throw: Dart              |       |       |    15 |    56 |     9 |       ||    80
         Throwing net      |       |       |     1 |     1 |     1 |       ||     3
         Javelin           |       |       |       |     4 |       |       ||     4
   Cast: Olgreb's Toxic Ra |       |       |       |       |       |    14 ||    14
         Ignite Poison     |       |       |       |       |       |     7 ||     7
 Invoke: Bend Time         |       |       |       |     1 |     9 |     2 ||    12
         Slouch            |       |       |       |       |     1 |    12 ||    13
         Step From Time    |       |       |       |       |       |     1 ||     1
Ability: Hop               |       |       |     1 |     7 |    18 |     4 ||    30
  Evoke: Wand              |       |       |       |     2 |    12 |     4 ||    18
         Phantom mirror    |       |       |       |       |       |     2 ||     2
    Use: Potion            |       |     5 |     7 |     9 |    10 |     5 ||    36
         Scroll            |       |     2 |     7 |    19 |    16 |     3 ||    47
 Armour: Leather armour    |    28 |       |       |       |       |       ||    28
         Chain mail        |    10 |   111 |     9 |       |       |       ||   130
         Pearl dragon scal |       |       |   242 |   322 |   453 |   264 ||  1281
  Dodge: Dodged            |    55 |    46 |   290 |   546 |  1002 |   497 ||  2436

Table legend: (Time is in decaauts)
 A = Elapsed time spent in this place.
 B = Non-inter-level travel time spent in this place.
 C = Inter-level travel time spent in this place.
 D = Time resting spent in this place.
 E = Time spent auto-exploring this place.
 F = Levels seen in this place.
 G = Mean time per level.
                   A        B        C        D        E       F      G
               +--------+--------+--------+--------+--------+-----+--------+
         Total |  72811 |  67138 |   5673 |  27683 |  23856 |  28 | 2600.4 |
       Dungeon |  35125 |  31437 |   3688 |   8963 |  16498 |  15 | 2341.7 |
        Temple |    360 |    337 |     23 |      0 |    332 |   1 |  360.0 |
          Lair |  21366 |  20449 |    917 |  11917 |   2472 |   5 | 4273.2 |
        Shoals |   5491 |   5418 |     73 |   2692 |   1775 |   4 | 1372.8 |
   Spider Nest |   3768 |   3652 |    116 |   2152 |    876 |   1 | 3768.0 |
  Orcish Mines |   6699 |   5845 |    854 |   1958 |   1901 |   2 | 3349.5 |
               +--------+--------+--------+--------+--------+-----+--------+

Top non-repeatable levels by time:
  Lair:5: 9228 daAuts
   Orc:2: 4042 daAuts
Spider:1: 3768 daAuts
  Lair:3: 3545 daAuts
  Lair:2: 3542 daAuts
Shoals:1: 3255 daAuts
     D:6: 3202 daAuts
    D:13: 3017 daAuts
    D:11: 2877 daAuts
     D:4: 2866 daAuts
  Lair:4: 2783 daAuts
   Orc:1: 2657 daAuts
    D:14: 2646 daAuts
     D:5: 2475 daAuts
     D:9: 2437 daAuts
